AoeStats
← ACERCATE A DIOS

Hideout

508366582Analyzed
1v1 RM · 11d ago on Sep 22, 2026· 22m 50s· 2 players
Game mode
Random Map
Map size
Tiny (2 player)
Population
200
Speed
Normal
Resources
Standard
Victory
Conquest
Starting age
Dark Age
Ending age
Imperial Age
RankedLock teamsTeams togetherTeam positionsShared explorationLock speedFull tech treeHidden civsTurbo modeCheats
Victory
Defeat
🇺🇸 Tatars · United States
214
+24
🇲🇽 Huns · Mexico
405
-24
ACERCATE A DIOS
10:58 Feudal Age
19:12 Castle Age
18:49 Horse Collar
18:59 Double-Bit Axe
MickeyKeevs
10:10 Feudal Age
19:19 Castle Age
20:46 Scale Barding Armor
20:59 Horse Collar
22:13 Bloodlines
22:44 Double-Bit Axe
Connection lost

Rejoining the realm…

Still unreachable

The connection could not be restored.

Session expired

The server has moved on; the page needs a fresh start.